 Dungeon Crawl Stone Soup version 0.27.0-1-g7a089689b8 (webtiles) character file.

Game seed: 15108413937555736839

34 horus123 the Sneak (level 3, 0/21 HPs)
             Began as a Vampire Brigand on Aug 15, 2021.
             Slain by an orc wizard (1 damage)
             ... on level 2 of the Dungeon.
             The game lasted 00:04:48 (1096 turns).

horus123 the Sneak (Vampire Brigand)                Turns: 1096, Time: 00:04:49

Health: 0/21       AC:  4    Str: 16    XL:     3   Next: 14%
Magic:  3/3        EV: 12    Int: 13    God:
Gold:   79         SH:  0    Dex: 16    Spells: 2/2 levels left

rFire    . . .     SeeInvis +   a - +2 dagger
rCold    + + .     Faith    .   (no shield)
rNeg     + + +     Spirit   .   b - +0 robe
rPois    ∞         Reflect  .   k - +0 helmet
rElec    .         Harm     .   c - +0 cloak
rCorr    .         Rampage  .   (no gloves)
Will     .....                  (no boots)
Stlth    ++++......             (no amulet)
HPRegen  0.00/turn              f - +6 ring of strength
MPRegen  0.08/turn              (no ring)

@: confused, bloodless, inhibited regen
A: bloodless, fangs 3, see invisible, vampiric 2
a: Bat Form, Revivify


You were on level 2 of the Dungeon.
You visited 1 branch of the dungeon, and saw 2 of its levels.

You collected 79 gold pieces.

Inventory:

Hand Weapons
 a - a +2 dagger (weapon)
Missiles
 d - 8 poisoned darts (quivered)
 e - 2 curare-tipped darts
Armour
 b - a +0 robe (worn)
 c - a +0 cloak (worn)
 k - a +0 helmet (worn)
Jewellery
 f - a +6 ring of strength (left hand)
Scrolls
 g - a scroll of identify {unknown}
Potions
 h - a potion of brilliance {unknown}
 i - a potion of flight {unknown}
 j - a potion of ambrosia {unknown}


   Skills:
 + Level 1.8 Fighting
 + Level 2.6 Short Blades
 + Level 1.6 Throwing
 + Level 1.3 Dodging
 * Level 7.1 Stealth


You had 2 spell levels left.
You didn't know any spells.
Your spell library contained the following spells:

 Spells                   Type           Power      Damage    Failure   Level
 Blink                    Tloc           N/A        N/A       43%         2
 Manifold Assault         Tloc           0%         N/A       100%        5
 Storm Form               Tmut/Air       0%         N/A       100%        7


Dungeon Overview and Level Annotations

Branches:
Dungeon (2/15)

Altars:


Innate Abilities, Weirdness & Mutations

You do not regenerate when monsters are visible.
You are frail without blood (-20% HP).
You can heal yourself when you bite living creatures.
You are immune to poison.
You have razor-sharp teeth.
You have supernaturally acute eyesight. (SInv)
You are afflicted with vampirism and can become a bat while bloodless.


Message History

The magic dart hits you.
You bump into the rock wall.
The orc wizard hits you with a +0 dagger.
You closely miss the orc wizard.
The orc wizard is almost dead.
The orc wizard gestures at you while chanting.
The puff of flame misses you.
You barely miss the orc wizard.
The orc wizard is almost dead.
You're too confused to move!
The orc wizard hits you with a +0 dagger.
* * * LOW HITPOINT WARNING * * *
You miss the orc wizard.
The orc wizard is almost dead.
The orc wizard hits you with a +0 dagger.
* * * LOW HITPOINT WARNING * * *
You bump into the rock wall.
The orc wizard barely misses you.
You closely miss the orc wizard.
The orc wizard is almost dead.
The orc wizard points at you and mumbles some strange words.
The puff of flame misses you.
You miss the orc wizard.
The orc wizard is almost dead.
The orc wizard points at you and mumbles some strange words.
You are more confused.
You hit the orc wizard but do no damage.
The orc wizard is almost dead.
The orc wizard hits you with a +0 dagger.
* * * LOW HITPOINT WARNING * * *
You bump into the rock wall.
The orc wizard barely misses you.
You hit the orc wizard but do no damage.
The orc wizard is almost dead.
The orc wizard hits you with a +0 dagger.
* * * LOW HITPOINT WARNING * * *
You bump into the rock wall.
The orc wizard hits you but does no damage.
You miss the orc wizard.
The orc wizard is almost dead.
The orc wizard hits you with a +0 dagger.
You die...

##########
#.)o@....#
#.######.#
#.# #.#
### #.#
#.# ....
#.# #.#
..... #o#
#.#
.)....##o#
#.#
......'o.#
#.#
......####
#.# .#


You could see an orc wizard (invisible).

Vanquished Creatures
  A dart slug (D:1)
  2 orcs (D:2)
  3 ball pythons (D:1)
  An endoplasm (D:1)
  4 giant cockroaches (D:1)
  A kobold (D:1)
  A quokka (D:1)
  A bat (D:2)
  8 goblins
  6 rats
28 creatures vanquished.

Notes
Turn   | Place    | Note
-------+----------+-------------------------------------------
     0 | D:1      | horus123 the Vampire Brigand began the quest for the Orb.
     0 | D:1      | Reached XP level 1. HP: 16/16 MP: 1/1
    16 | D:1      | Reached skill level 6 in Stealth
   223 | D:1      | Reached XP level 2. HP: 22/22 MP: 2/2
   780 | D:1      | Reached skill level 7 in Stealth
   990 | D:2      | Gained mutation: You are afflicted with vampirism and can
                  | become a bat while bloodless. [Vampire growth]
   990 | D:2      | Reached XP level 3. HP: 21/21 MP: 3/3
  1094 | D:2      | HP: 1/21 [orc wizard (2)]
  1096 | D:2      | Slain by an orc wizard

Illustrated notes

Levels and vault maps discovered:
D:1:      minmay_arrival_up_and_down, layout_basic, grunt_decor_mini_mirrors
D:2:      layout_basic, lemuel_another_geyser, uniq_robin

Skill      XL: |  1  2 |
---------------+-------+-----
Stealth        | 6 7 |  7.1
Fighting       | |  1.8
Short Blades   | |  2.6
Throwing       | |  1.6
Dodging        | |  1.3

Action                   || total
-------------------------++-------
Melee: Dagger            ||    76
       Bite              ||    11
 Abil: Exsanguinate      ||     1
 Stab: Sleeping          ||    11
Armor: Robe              ||    11
Dodge: Dodged            ||    40
